 Dungeon Crawl Stone Soup version 0.30-a0-1066-g63dfefce0d (webtiles) character file.

Game seed: 17785698320318200018

73924 jimonade the Cleaver (level 15, -3/134 HPs)
             Began as a Naga Warper on Apr 12, 2023.
             Was the Champion of Cheibriados.
             Slain by a rockslime (32 damage)
             ... on level 1 of the Pits of Slime.
             The game lasted 01:25:30 (21593 turns).

jimonade the Cleaver (Naga Warper)                 Turns: 21593, Time: 01:25:31

Health: -3/134     AC: 20    Str: 32    XL:     15   Next: 45%
Magic:  28/36      EV: 11    Int: 30    God:    Cheibriados [******]
Gold:   1010       SH: 20    Dex: 28    Spells: 12/31 levels left

rFire   + . .      SeeInvis +    a - +8 war axe of Exhibitionism {elec, rElec rPois rCorr}
rCold   + . .      Faith    .    O - +2 kite shield
rNeg    . . .      Spirit   .    W - +3 ring mail {rF+}
rPois   +          Reflect  +    L - +0 helmet
rElec   +          Rampage  .    t - +2 cloak {rC+}
rCorr   +                        B - +0 pair of gloves
Will    +....                    q - +2 barding
Stlth   ++++                     p - amulet of reflection
HPRegen 0.42/turn                Z - ring of wizardry
MPRegen 0.25/turn                l - ring of magical power

@: forested, corroded, very slow
A: AC +5, large, see invisible, deformed body, poison resistance, slowness 2,
spit poison 1, naga tail 2
a: Spit Poison, Renounce Religion, Bend Time, Temporal Distortion, Slouch, Step
From Time


You were on level 1 of the Pits of Slime.
You worshipped Cheibriados.
Cheibriados was exalted by your worship.
You visited 4 branches of the dungeon, and saw 17 of its levels.
You also visited: Bailey and Ice Cave.

You collected 1010 gold pieces.

Inventory:

Hand Weapons
 a - the +8 war axe of Exhibitionism (weapon) {elec, rElec rPois rCorr}
   (You took it off an orc on level 6 of the Dungeon)

   rElec:     It insulates you from electricity.
   rPois:     It protects you from poison.
   rCorr:     It protects you from acid and corrosion.
 b - a +2 hand axe of flaming
 J - a +2 battleaxe of freezing
 K - a +0 hand axe of venom
 M - a +5 heavy sling
 N - a +2 broad axe
 V - a +1 vampiric battleaxe
Missiles
 k - 51 poisoned darts
 R - 2 curare-tipped darts
 T - 6 atropa-tipped darts
Armour
 q - a +2 barding (worn)
 t - a +2 cloak of cold resistance (worn)
 B - a +0 pair of gloves (worn)
 L - a +0 helmet (worn)
 O - a +2 kite shield (worn)
 W - a +3 ring mail of fire resistance (worn)
Jewellery
 l - a ring of magical power (right hand)
 p - an amulet of reflection (around neck)
 A - a ring of protection from fire
 H - a ring of fire
 I - a ring of resist corrosion
 P - a ring of protection from cold
 Q - a ring of flight
 X - a ring of protection from cold
 Z - a ring of wizardry (left hand)
Wands
 d - a wand of mindburst (30)
 u - a wand of paralysis (10)
 x - a wand of flame (36)
 z - a wand of iceblast (9)
 D - a wand of digging (21)
Scrolls
 c - 5 scrolls of blinking
 f - 9 scrolls of enchant weapon
 h - a scroll of magic mapping
 v - a scroll of poison
 w - 2 scrolls of brand weapon
 y - 7 scrolls of teleportation
 C - a scroll of amnesia
 E - 2 scrolls of fear
 G - 6 scrolls of identify
Potions
 e - 5 potions of flight
 g - 9 potions of curing
 i - 3 potions of magic
 j - 2 potions of attraction
 m - 4 potions of heal wounds
 n - a potion of might
 o - 7 potions of lignification
 r - 2 potions of invisibility
 s - a potion of resistance
 F - 3 potions of mutation
 Y - 2 potions of ambrosia
Miscellaneous
 U - a phial of floods (inert)


   Skills:
 + Level 8.5 Fighting
 - Level 2.2 Short Blades
 - Level 12.6(13.0) Axes
 + Level 4.8(9.5) Polearms
 - Level 0.7 Ranged Weapons
 + Level 0.8 Throwing
 + Level 5.5 Armour
 - Level 6.1 Dodging
 + Level 6.9 Stealth
 + Level 7.3 Shields
 + Level 8.7 Spellcasting
 * Level 10.8 Summonings
 - Level 10.0 Translocations
 + Level 1.2 Evocations


You had 12 spell levels left.
You knew the following spells:

 Your Spells              Type           Power      Damage    Failure   Level
a - Blink                 Tloc           100%       N/A       1%          2
b - Lesser Beckoning      Tloc           100%       N/A       1%          2
c - Manifold Assault      Tloc           65%        N/A       1%          4
d - Summon Forest         Summ/Tloc      33%        N/A       1%          5
e - Summon Cactus Giant   Summ           33%        N/A       9%          6

Your spell library contained the following spells:

 Spells                   Type           Power      Damage    Failure   Level
 Call Canine Familiar     Summ           67%        N/A       1%          3
 Portal Projectile        Hex/Tloc       86%        N/A       1%          3
 Summon Guardian Golem    Hex/Summ       45%        N/A       1%          3
 Teleport Other           Tloc           65%        N/A       1%          3
 Vhi's Electric Charge    Tloc/Air       86%        N/A       1%          3
 Beastly Appendage        Tmut           26%        N/A       4%          1
 Magic Dart               Conj           52%        1d5       4%          1
 Searing Ray              Conj           26%        2d5       7%          2
 Wereblood                Tmut           13%        N/A       7%          2
 Ozocubu's Armour         Ice            13%        N/A       13%         3
 Spider Form              Tmut/Pois      13%        N/A       13%         3
 Summon Mana Viper        Hex/Summ       45%        N/A       13%         5
 Cause Fear               Hex            6%         N/A       38%         4
 Fulminant Prism          Conj/Hex       6%         3d7       38%         4
 Leda's Liquefaction      Hex/Erth       6%         N/A       38%         4
 Arcjolt                  Conj/Air       6%         1d16      73%         5
 Metabolic Englaciation   Hex/Ice        6%         N/A       73%         5
 Spellforged Servitor     Conj/Summ      22%        N/A       98%         7
 Plasma Beam              Fire/Air       6%         2x1d18    99%         6
 Simulacrum               Ice/Necr       6%         N/A       99%         6
 Dragon Form              Tmut           6%         N/A       100%        7
 Orb of Destruction       Conj           6%         9d6       100%        7
 Storm Form               Tmut/Air       6%         N/A       100%        7
 Dragon's Call            Summ           33%        N/A       100%        9


Dungeon Overview and Level Annotations

Branches:
Dungeon (10/15)            Temple (1/1) D:5            Lair (5/5) D:10
 Shoals (0/4) Lair:3        Snake (0/4) Lair:3        Slime (1/5) Lair:5
    Orc (0/2) D:9          Bailey (visited)           IceCv (visited)

Altars:
Ashenzari
Cheibriados
Dithmenos
Elyvilon
Fedhas
Gozag
Hepliaklqana
Kikubaaqudgha
Makhleb
Nemelex Xobeh
Okawaru
Qazlal
Ru
Sif Muna
Trog
Uskayaw
Vehumet
Wu Jian
Xom
Yredelemnul
Zin
The Shining One
Jiyva
Lugonu

Shops:
D:3 (

Portals:
Abyss: Lair:5

Annotations:
D:6 1 runed translucent door, Crazy Yiuf


Innate Abilities, Weirdness & Mutations

Your serpentine skin is tough. (AC +5)
You have supernaturally acute eyesight. (SInv)
Armour fits poorly on your strangely shaped body.
Your system is resistant to poisons. (rPois)
You cover ground very slowly.
You can spit poison.
You can use your snake-like lower body to constrict enemies.


Message History

The rockslime is lightly wounded.
You slash the slime creature! You slash the acid blob!
Your hands burn!
You slash the slime creature!
Lightning courses through the slime creature!!
You kill the slime creature!
Cheibriados appreciates the change of pace.
Your cactus giant hits the slime creature with a +0 giant spiked club!
The slime creature dies!
Cheibriados appreciates the change of pace.
Your dryad hits the rockslime but does no damage.
The rockslime completely misses you. The acid blob spits acid at you.
The splash of acid hits you. You resist.
You completely miss the acid blob.
The acid blob is moderately wounded.
You hit the rockslime but do no damage. The rockslime hits you!!
You stumble backwards!
Your dryad calls out to the forest.
Vines fly forth from the trees!
The acid blob hits you!!
You are splashed with acid.
You resist.
You hit the rockslime but do no damage. You slice the acid blob!!
Your hands burn!
The rockslime barely misses you. The acid blob spits acid at you.
The splash of acid hits you. You resist.
Your dryad hits the rockslime but does no damage.
You slice the rockslime!!
The rockslime is heavily wounded.
You hit the acid blob.
Your hands burn!
An azure jelly comes into view.
The rockslime hits you!!!
* * * LOW HITPOINT WARNING * * *
You stumble backwards!
The acid blob spits acid at you.
The splash of acid hits you but does no damage.
The acid corrodes you!
Your cactus giant hits the acid blob with a +0 giant spiked club!!
Your cactus giant is burned by acid!
Your dryad calls out to the forest.
Vines fly forth from the trees!
The rockslime hits you!!
You die...

#...## .....#
.....♣. ♣#
♣...... #♣│♣
....... #.│.#
.......
♣#..w.♣.....>.
#.....@CG.....
♣##....JJ......
♣─w...R<.......
*............J.
#.###♣.♣......♣
♣ ♣.........
....♣w....
.....#.....
.....♣.♣...


You could see an acid blob (ally target), an azure jelly, a rockslime (ally
target), a shining eye, a friendly dryad (summoned), a friendly cactus giant
(summoned) and 3 friendly snaplasher vines.

Vanquished Creatures
  Rupert (Lair:5)
  A frost giant (IceCv)
  An orc warlord (Bailey)
  A catoblepas (Lair:5)
  2 hydras
  A two-headed ogre (D:8)
  15 death yaks
  Sonja (Lair:2)
  3 thrashing horrors (Lair:5)
  A lindwurm (Lair:4)
  2 ugly things (Lair:5)
  An orc knight (Bailey)
  3 oklob plants
  Joseph (Lair:1)
  2 elephants (Lair:5)
  An ice statue (IceCv)
  A smoke demon (Lair:5)
  3 cane toads
  3 torpor snails
  A rime drake (Lair:5)
  5 komodo dragons
  2 ancient zymes (Lair:5)
  17 polar bears
  15 blink frogs
  Grinder (D:3)
  A hornet (D:7)
  2 large abominations (Lair:5)
  Sigmund (D:2)
  6 small abominations (Lair:5)
  A vampire (D:10)
  A spriggan (Lair:5)
  2 ynoxinuls (Lair:5)
  3 slime creatures (Slime:1)
  A shadow (D:9)
  A wraith (D:10)
  7 wyverns
  62 yaks
  2 steam dragons (D:8)
  3 chaos spawn (Lair:5)
  2 vampire mosquitoes (D:10)
  An acid dragon (D:8)
  Edmund (D:6)
  3 nagas (Lair:3)
  15 water moccasins
  6 black bears
  7 ice beasts
  5 orc warriors
  4 sky beasts
  An ogre (D:6)
  29 wolves
  6 centaurs
  3 phantoms
  Blork the orc (D:6)
  4 kobold brigands
  10 bullfrogs
  A gnoll sergeant (D:9)
  4 scorpions
  2 water moccasin zombies (D:5)
  10 wights
  A wyvern skeleton (D:5)
  A water moccasin skeleton (D:5)
  3 killer bees (D:9)
  A bullfrog zombie (D:5)
  3 jellies
  7 orc priests
  2 gnoll boudas
  A bullfrog skeleton (D:5)
  4 hounds
  7 iguanas
  2 sleepcaps
  10 orc wizards
  3 hound zombies (D:5)
  6 adders
  18 gnolls
  2 river rats (D:3)
  3 white imps
  An ufetubus (D:4)
  2 worms
  3 dart slugs
  34 orcs
  10 endoplasms
  6 giant cockroaches
  8 goblins
  7 hobgoblins
  2 jackals (D:2)
  7 quokkas
  8 ball pythons
  7 bats
  5 frilled lizards
  A goblin zombie (D:7)
  30 kobolds
  8 rats
  A rat zombie (D:7)
507 creatures vanquished.

Vanquished Creatures (collateral kills)
  A skyshark (Lair:5)
  An ugly thing (Lair:5)
  An elephant (Lair:5)
  A black mamba (Lair:5)
  A polar bear (Lair:5)
  A blink frog (Lair:5)
  A small abomination (Lair:5)
  4 slime creatures (Slime:1)
  3 yaks (Lair:2)
  2 black bears (Lair:2)
16 creatures vanquished.

Vanquished Creatures (others)
  2 bushes (Lair:4)
  37 fungi
  53 plants
  2 snaplasher vines (Lair:5)
94 creatures vanquished.

Grand Total: 617 creatures vanquished

Notes
Turn   | Place    | Note
-------+----------+-------------------------------------------
     0 | D:1      | jimonade the Naga Warper began the quest for the Orb.
     0 | D:1      | Reached XP level 1. HP: 19/19 MP: 3/3
   375 | D:1      | Reached XP level 2. HP: 20/26 MP: 5/5
   652 | D:1      | Reached skill level 1 in Armour
   657 | D:1      | Reached XP level 3. HP: 9/32 MP: 6/6
  1217 | D:2      | Noticed Sigmund
  1239 | D:2      | Killed Sigmund
  1240 | D:2      | Reached skill level 1 in Stealth
  1240 | D:2      | Reached XP level 4. HP: 24/40 MP: 7/7
  1240 | D:2      | Reached XP level 5. HP: 27/46 MP: 8/8
  1928 | D:3      | Reached XP level 6. HP: 55/55 MP: 9/9
  1952 | D:3      | Noticed Grinder
  1954 | D:3      | Paralysed by Grinder for 4 turns
  1969 | D:3      | Paralysed by Grinder for 2 turns
  1996 | D:3      | Paralysed by Grinder for 5 turns
  2003 | D:3      | Paralysed by Grinder for 3 turns
  2009 | D:3      | Killed Grinder
  2273 | D:3      | Reached XP level 7. HP: 53/62 MP: 10/10
  2363 | D:3      | Reached skill level 1 in Short Blades
  2515 | D:3      | Found Piuruis's Antique Weapon Shop.
  2919 | D:3      | Learned a level 2 spell: Blink
  2935 | D:4      | Learned a level 2 spell: Lesser Beckoning
  3105 | D:4      | Reached skill level 1 in Shields
  4060 | D:5      | Entered Level 5 of the Dungeon
  4060 | D:5      | Found an iron altar of Okawaru.
  4060 | D:5      | Found a hazy altar of Hepliaklqana.
  4060 | D:5      | Found a burning altar of Makhleb.
  4144 | D:5      | Reached XP level 8. HP: 69/69 MP: 11/11
  4222 | D:5      | Found a staircase to the Ecumenical Temple.
  4245 | Temple   | Entered the Ecumenical Temple
  4286 | Temple   | Became a worshipper of Cheibriados the Contemplative
  4977 | D:6      | Reached XP level 9. HP: 66/78 MP: 12/12
  5071 | D:6      | Reached skill level 5 in Translocations
  5079 | D:6      | Reached skill level 5 in Stealth
  5199 | D:6      | Noticed Blork the orc
  5214 | D:6      | Killed Blork the orc
  5296 | D:6      | Reached * piety under Cheibriados
  5497 | D:6      | Found a shimmering blue altar of Sif Muna.
  5522 | D:6      | Found a runed translucent door.
  5523 | D:6      | Noticed Crazy Yiuf
  5614 | D:6      | Identified the +8 war axe of Exhibitionism {elec, rElec
                  | rPois rCorr}
  5775 | D:6      | Noticed Edmund
  5867 | D:6      | Killed Edmund
  5868 | D:6      | Reached skill level 1 in Axes
  6329 | D:7      | Reached skill level 2 in Axes
  6383 | D:7      | Found a flagged portal.
  6394 | D:7      | Reached ** piety under Cheibriados
  6395 | D:7      | Reached skill level 5 in Fighting
  6400 | Bailey   | Entered a bailey
  6410 | Bailey   | Noticed an orc warlord
  6487 | Bailey   | Noticed an orc knight
  6500 | Bailey   | HP: 4/81 [orc knight/+0 war axe (20)]
  6501 | Bailey   | Reached XP level 10. HP: 4/88 MP: 13/13
  6501 | Bailey   | Killed an orc knight
  6502 | Bailey   | Reached skill level 3 in Axes
  6766 | Bailey   | Found a runed translucent gate.
  6767 | Bailey   | Found a runed translucent gate.
  6769 | Bailey   | Found a runed translucent gate.
  6822 | Bailey   | Reached skill level 5 in Dodging
  6943 | Bailey   | Killed an orc warlord
  6944 | Bailey   | Reached skill level 4 in Axes
  7070 | Bailey   | Identified the staff of cold "Laisidgh" {Fly rPois rC+ MP+9
                  | Dex-2}
  7320 | D:7      | Learned a level 4 spell: Manifold Assault
  7356 | D:7      | Reached skill level 5 in Axes
  7574 | D:7      | Reached skill level 1 in Evocations
  7574 | D:7      | Reached *** piety under Cheibriados
  8175 | D:7      | Identified the +5 chain mail "Louty" {rC+}
  8639 | D:8      | Found a bloodstained altar of Trog.
  8662 | D:8      | Reached skill level 6 in Axes
  8763 | D:8      | Noticed a two-headed ogre
  8774 | D:8      | Killed a two-headed ogre
  8775 | D:8      | Reached XP level 11. HP: 57/97 MP: 15/15
 10066 | D:9      | Reached **** piety under Cheibriados
 10372 | D:9      | Found a staircase to the Orcish Mines.
 10931 | D:9      | Reached skill level 7 in Axes
 11074 | D:9      | Reached ***** piety under Cheibriados
 11303 | D:10     | Entered Level 10 of the Dungeon
 12363 | D:10     | Found a staircase to the Lair.
 12608 | D:10     | Found a transporter.
 12915 | D:10     | Found a transporter.
 12966 | Lair:1   | Entered Level 1 of the Lair of Beasts
 12979 | Lair:1   | Noticed an oklob plant
 12988 | Lair:1   | Killed an oklob plant
 13239 | Lair:1   | Found a shadowy altar of Dithmenos.
 13339 | Lair:1   | Noticed a death yak
 13339 | Lair:1   | Noticed a death yak
 13349 | Lair:1   | Killed a death yak
 13350 | Lair:1   | Reached skill level 8 in Axes
 13350 | Lair:1   | Reached skill level 5 in Shields
 13350 | Lair:1   | Reached XP level 12. HP: 91/106 MP: 18/18
 13442 | Lair:1   | Reached skill level 1 in Summonings
 13719 | Lair:1   | Noticed a death yak
 13722 | Lair:1   | Noticed Joseph
 13728 | Lair:1   | Noticed a death yak
 13729 | Lair:1   | Killed a death yak
 13730 | Lair:1   | Reached skill level 5 in Armour
 13731 | Lair:1   | Killed Joseph
 13740 | Lair:1   | Killed a death yak
 13741 | Lair:1   | Reached skill level 5 in Spellcasting
 13741 | Lair:1   | Killed a death yak
 14093 | Lair:2   | Reached ****** piety under Cheibriados
 14126 | Lair:2   | Noticed Sonja
 14135 | Lair:2   | Killed Sonja
 14136 | Lair:2   | Reached skill level 10 in Translocations
 14356 | Lair:2   | Learned a level 5 spell: Summon Forest
 14562 | Lair:2   | Reached skill level 9 in Axes
 15649 | Lair:3   | Found a frozen archway.
 15660 | IceCv    | Entered an ice cave
 15737 | IceCv    | Noticed a death yak
 15752 | IceCv    | Killed a death yak
 15762 | IceCv    | Gained mutation: You can use your snake-like lower body to
                  | constrict enemies. [Naga growth]
 15762 | IceCv    | Reached XP level 13. HP: 115/115 MP: 21/21
 15762 | IceCv    | Reached XP level 14. HP: 123/123 MP: 22/22
 15828 | IceCv    | Reached skill level 10 in Axes
 16346 | IceCv    | Noticed a frost giant
 16358 | IceCv    | Killed a frost giant
 16610 | IceCv    | Identified the amulet "Gigiemaelo" {Spirit -Cast Harm rF+++
                  | rC-}
 16889 | Lair:3   | Reached skill level 11 in Axes
 17200 | Lair:3   | Found a staircase to the Shoals.
 17652 | Lair:3   | Found a staircase to the Snake Pit.
 17929 | Lair:4   | Reached skill level 10 in Summonings
 18195 | Lair:4   | Reached skill level 12 in Axes
 18864 | Lair:5   | Entered Level 5 of the Lair of Beasts
 19322 | Lair:5   | Learned a level 6 spell: Summon Cactus Giant
 19545 | Lair:5   | Reached XP level 15. HP: 132/132 MP: 26/26
 20051 | Lair:5   | Found a corrupted altar of Lugonu.
 20095 | Lair:5   | Found a one-way gate to the infinite horrors of the Abyss.
 20482 | Lair:5   | Found a staircase to the Slime Pits.
 20483 | Lair:5   | Found a viscous altar of Jiyva.
 20657 | Lair:5   | Noticed Rupert
 20999 | Lair:5   | Paralysed by Rupert for 4 turns
 21003 | Lair:5   | Killed Rupert
 21580 | Slime:1  | Entered Level 1 of the Pits of Slime
 21583 | Slime:1  | Noticed an acid blob
 21584 | Slime:1  | Noticed a rockslime
 21593 | Slime:1  | Noticed an azure jelly
 21593 | Slime:1  | Slain by a rockslime

Illustrated notes

Levels and vault maps discovered:
D:1:      amcnicky_arrival_wind_blow, layout_basic
D:2:      layout_rooms, uniq_sigmund
D:3:      layout_loops_corners, gup_sewer_entry_spiral, serial_shops,
          nicolae_shop_behind_doors, uniq_grinder
D:4:      layout_loops_ring
D:5:      layout_rooms, chequers_temple_overflow_statue_of_worship,
          minmay_temple_entry_waves, serial_undead, serial_undead_f,
          serial_undead_f, serial_undead_e, serial_undead_a
D:6:      layout_gridville, lemuel_blue_sif_altar, reono_crystal_passage,
          minmay_misc_feat_secret_circle, uniq_blork_the_orc, uniq_edmund,
          uniq_crazy_yiuf_cottage
D:7:      layout_loops_corners, enter_bailey_6, enter_ossuary_4
D:8:      layout_loops_corners, trog_three_pillars_becter,
          nicolae_underground_beach
D:9:      layout_basic, orc_0_dummy
D:10:     layout_basic, minmay_lair_entry_grove, kennysheep_nub,
          grunt_ministairs_7, nicolae_diode_stairs
Temple:   sentei_temple_godly_chess
Lair:1:   layout_misc_corridors, basic_altar, uniq_joseph
Lair:2:   layout_cave_pods, beast_lair_carwin_3, uniq_sonja
Lair:3:   layout_loops_ring, minmay_shoals_entry_centaurs,
          nicolae_snake_entry_squirm, portal_ice_cave_entry_pillars_2,
          minmay_holes, dreamdust_gnoll_shepherd, serial_bayou_shore_b,
          lemuel_fruit_tree, infiniplex_staircase_pool
Lair:4:   layout_long_grid, wad_woods_06, grunt_megastairs_3
Lair:5:   hellmonk_lair_end_abyssal_woods, layout_cave_pods,
          minmay_slime_entry_oklob_open, dreamdust_mushroom_princess,
          chequers_serial_rivers_micro_e, uniq_rupert
Slime:1:  layout_caves

Skill      XL: |  1  2  3  4  5  6  7  8  9 10 11 12 13 14 15 |
---------------+----------------------------------------------+-----
Armour         | 1 2 3 4 5 |  5.5
Polearms       | 3 4 |  4.8
Dodging        | 2 4 5 6 |  6.1
Stealth        | 1 3 4 6 |  6.9
Fighting       | 3 4 5 6 7 8 |  8.5
Short Blades   | 2 |  2.2
Shields        | 1 2 3 5 6 7 |  7.3
Translocations | 4 6 7 9 10 | 10.0
Axes           | 2 6 8 9 12 | 12.6
Evocations     | 1 |  1.2
Spellcasting   | 3 4 5 7 8 |  8.7
Summonings     | 4 9 10 | 10.8
Ranged Weapons | |  0.7
Throwing       | |  0.8

Action                     |  1- 3 |  4- 6 |  7- 9 | 10-12 | 13-15 || total
---------------------------+-------+-------+-------+-------+-------++-------
  Melee: Spear             |   123 |    60 |       |       |       ||   183
         Dagger            |       |    43 |   264 |       |       ||   307
         Short sword       |       |       |   121 |       |       ||   121
         Punch             |       |       |     3 |     1 |       ||     4
         War axe           |       |       |    69 |   529 |   407 ||  1005
         Constrict         |       |       |       |       |    82 ||    82
         Hand axe          |       |       |       |       |    21 ||    21
   Fire: Shortbow          |       |       |    17 |    14 |       ||    31
  Throw: Boomerang         |     1 |       |       |       |       ||     1
   Cast: Lesser Beckoning  |       |       |     2 |    10 |     7 ||    19
         Manifold Assault  |       |       |       |   100 |    86 ||   186
         Summon Forest     |       |       |       |     3 |     3 ||     6
         Summon Cactus Gia |       |       |       |       |     7 ||     7
Ability: Spit Poison       |    12 |     4 |    22 |    22 |     8 ||    68
  Evoke: Wand              |       |       |       |     7 |     1 ||     8
         Phial of floods   |       |       |       |       |     1 ||     1
    Use: Scroll            |       |     5 |    10 |     9 |     2 ||    26
         Potion            |       |       |       |       |     3 ||     3
   Stab: Sleeping          |     1 |     1 |    10 |     5 |       ||    17
         Distracted        |       |       |       |     3 |     3 ||     6
 Armour: Leather armour    |    16 |    27 |   162 |   107 |   105 ||   417
         Ring mail         |       |       |       |       |    13 ||    13
  Dodge: Dodged            |    48 |    34 |   148 |   120 |   108 ||   458
  Block: Other             |       |    10 |    89 |    18 |       ||   117
         Reflection        |       |       |     1 |     5 |     2 ||     8
         Kite shield       |       |       |       |   198 |   311 ||   509

Table legend: (Time is in decaauts)
 A = Elapsed time spent in this place.
 B = Non-inter-level travel time spent in this place.
 C = Inter-level travel time spent in this place.
 D = Time resting spent in this place.
 E = Time spent auto-exploring this place.
 F = Levels seen in this place.
 G = Mean time per level.
                   A        B        C        D        E       F      G
               +--------+--------+--------+--------+--------+-----+--------+
         Total |  37575 |  36471 |   1104 |   4760 |  19571 |  19 | 1977.6 |
       Dungeon |  19359 |  18670 |    689 |   1836 |  11388 |  10 | 1935.9 |
        Temple |     55 |     41 |     14 |      0 |     34 |   1 |   55.0 |
          Lair |  15112 |  14712 |    400 |   2066 |   8003 |   5 | 3022.4 |
    Slime Pits |     12 |     12 |      0 |      0 |      0 |   1 |   12.0 |
        Bailey |   1059 |   1059 |      0 |    366 |      0 |   1 | 1059.0 |
      Ice Cave |   1976 |   1976 |      0 |    491 |    145 |   1 | 1976.0 |
               +--------+--------+--------+--------+--------+-----+--------+

Top non-repeatable levels by time:
  Lair:5: 4861 daAuts
    D:10: 3451 daAuts
  Lair:2: 2889 daAuts
     D:8: 2664 daAuts
  Lair:3: 2537 daAuts
     D:7: 2517 daAuts
     D:9: 2453 daAuts
  Lair:4: 2422 daAuts
  Lair:1: 2402 daAuts
     D:6: 2091 daAuts
   IceCv: 1976 daAuts
     D:3: 1684 daAuts
     D:4: 1369 daAuts
     D:1: 1208 daAuts
     D:5: 1156 daAuts
